Kings vs Blues

Created - 12 mars 2021 at 21:25

Goals
1 2 3 T
Kings 3 1 2 6
Blues 1 2 0 3
Shots
1 2 3 T
Kings 21 17 9 47
Blues 20 7 6 33

1st period

1. Kings , Mikael Backlund 9 (Stephen Johns 9, Andre Burakovsky 33) at 2:55
2. Kings , Rickard Rakell 24 (Jonathan Toews 45, Jordan Eberle 30) at 8:15
3. Blues , Connor Brown 15 (Sean Couturier 27, Mikko Rantanen 44) at 9:42 (PP)
4. Kings , Mikael Backlund 10 (Andre Burakovsky 34, Jesper Fast 23) at 11:24

Penalties :
Stephen Johns (LOS) for Delaying the game (Minor) at 9:02

2nd period

5. Blues , Josh Bailey 23 (Jack Eichel 57, Mikko Rantanen 45) at 15:00
6. Blues , Jack Eichel 45 (Johnny Gaudreau 22, Dougie Hamilton 39) at 16:08 (PP)
7. Kings , Jonathan Toews 31 (John Moore 16, Jordan Eberle 31) at 17:14

Penalties :
Nicolas Hague (LOS) for Holding (Minor) at 15:27, Jordan Staal (STL) for Hooking (Minor) at 17:44

3rd period

8. Kings , Mikael Backlund 11 (Andre Burakovsky 35, John Moore 17) at 13:47 (PP)
9. Kings , Jordan Eberle 23 (Jonathan Toews 46, Stephen Johns 10) at 19:42

Penalties :
Miles Wood (STL) for Holding (Minor) at 12:11, Stephen Johns (LOS) for Hooking (Minor) at 17:10

Goalie Stats

David Rittich (LOS), 30 saves from 33 shots - (0,909), W, 21-13-4, 60:00 minutes
Brian Elliott (STL), 41 saves from 47 shots - (0,872), L, 4-2-0, 60:00 minutes

Players Stats for Kings

Player Name              G  A  P  +/- PIM S  H  SB GA TA FO     MP     PP MP  PK MP  
------------------------------------------------------------------------------------
Andre Burakovsky         0  3  3   1  0   4  0  0  0  0  0/1    19:54   1:51   0:17 
Anthony Bitetto          0  0  0   0  0   0  1  2  0  0  0/0    15:39   0:00   1:18 
Conor Sheary             0  0  0   0  0   0  0  0  0  0  0/1     1:41   0:00   0:00 
Corey Perry              0  0  0   0  0   2  1  0  0  0  0/0    13:04   0:00   0:00 
Jesper Fast              0  1  1   1  0   5  0  1  0  0  1/4    19:37   1:51   0:00 
John Moore               0  2  2   4  0   1  2  1  0  0  0/0    20:18   1:08   1:45 
Jonathan Toews           1  2  3   3  0   8  2  0  0  0  22/40  24:39   1:44   2:21 
Jordan Eberle            1  2  3   3  0   5  1  1  0  0  0/0    19:18   1:44   0:35 
Lucas Wallmark           0  0  0   0  0   0  0  0  0  0  3/8     5:40   0:00   0:24 
Marc-Edouard Vlasic      0  0  0   0  0   2  0  3  0  0  0/0    25:20   2:27   1:34 
Marco Scandella          0  0  0   0  0   2  3  0  0  0  0/0    24:58   2:27   1:12 
Mikael Backlund          3  0  3   1  0   4  0  0  0  0  14/24  21:36   1:51   1:59 
Nick Paul                0  0  0   0  0   4  0  0  0  0  11/20  13:04   0:00   0:00 
Nicolas Hague            0  0  0   0  2   0  1  2  0  0  0/0    14:37   0:00   0:17 
Rickard Rakell           1  0  1   3  0   6  2  0  0  0  1/2    19:18   1:44   0:35 
Stephen Johns            0  2  2   4  4   2  1  0  0  0  0/0    18:48   1:08   0:17 
Tyler Motte              0  0  0   0  0   1  1  0  0  0  0/0     5:16   0:00   0:00 
Zemgus Girgensons        0  0  0   0  0   1  0  0  0  0  0/1    13:50   0:00   0:46 

Players Stats for Blues

Player Name              G  A  P  +/- PIM S  H  SB GA TA FO     MP     PP MP  PK MP  
------------------------------------------------------------------------------------
Christian Dvorak         0  0  0  -1  0   3  2  0  0  0  0/1    17:01   1:50   0:00 
Connor Brown             1  0  1  -1  0   3  2  0  0  0  0/0    20:31   1:30   0:18 
Dougie Hamilton          0  1  1   0  0   2  3  0  0  0  0/0    22:58   2:18   0:00 
Henri Jokiharju          0  0  0   1  0   0  0  2  0  0  0/0    10:59   0:00   0:00 
Jack Eichel              1  1  2  -2  0   5  1  0  0  0  12/25  21:01   1:50   0:00 
Jakob Chychrun           0  0  0   1  0   2  0  0  0  0  0/0    15:09   2:18   1:52 
Johnny Gaudreau          0  1  1  -1  0   4  0  0  0  0  0/2    19:32   1:23   0:00 
Jordan Staal             0  0  0  -1  2   1  2  0  0  0  8/14   11:50   0:00   0:37 
Josh Bailey              1  0  1  -2  0   2  1  0  0  0  0/2    20:53   0:00   1:48 
MacKenzie Weegar         0  0  0   0  0   0  1  0  0  0  0/0     1:44   0:00   0:00 
Martin Necas             0  0  0  -1  0   1  0  0  0  0  1/2    11:14   0:00   0:00 
Michael Chaput           0  0  0   0  0   0  0  0  0  0  3/11    6:51   0:27   1:47 
Mikko Rantanen           0  2  2  -2  0   5  3  0  0  0  3/4    20:35   1:30   0:00 
Miles Wood               0  0  0   0  2   0  1  0  0  0  0/0     5:25   0:00   0:49 
P.K. Subban              0  0  0  -5  0   1  3  2  0  0  0/0    23:09   0:00   1:43 
Ryan Pulock              0  0  0   0  0   1  4  1  0  0  0/0    21:50   1:02   1:52 
Sean Couturier           0  1  1  -1  0   3  2  0  0  0  22/40  21:30   1:30   1:51 
Seth Jones               0  0  0  -5  0   0  0  3  0  0  0/0    24:11   1:02   1:43 

3 Stars

1 - Mikael Backlund (LOS)
2 - Jonathan Toews (LOS)
3 - Jordan Eberle (LOS)

Power Play

Kings - 1 on 2 Attempt(s) - 50,00%
Blues - 2 on 3 Attempt(s) - 66,67%

Penalty Kill

Kings - 1 on 3 Attempt(s) - 33,33% - Score 0 goal in Penalty Kill
Blues - 1 on 2 Attempt(s) - 50,00% - Score 0 goal in Penalty Kill

Team Stat

Kings - Hits : 15 - Faceoff Wins : 52 - Blocked Shots : 10 - Penalty Minutes : 6
Blues - Hits : 25 - Faceoff Wins : 49 - Blocked Shots : 8 - Penalty Minutes : 4

Official

Referees : Dean Morton and Shaun Davis
Linesman : Kory Nagy and Travis Gawryletz

Game Notes

Mikael Backlund has scored a Hat Trick!
Nicolas Hague is injured at 19:22 of 3rd period (Sprained Right Finger)

Finance

Level 1 -- Attendance: 6303 (96,97%) -- Ticket Income 693 330 $
Level 2 -- Attendance: 5000 (100,00%) -- Ticket Income 375 000 $
Level 3 -- Attendance: 3496 (99,89%) -- Ticket Income 192 280 $
Level 4 -- Attendance: 1562 (100,00%) -- Ticket Income 60 918 $
Luxury Box -- Attendance: 1000 (100,00%) -- Ticket Income 199 000 $
Game was played at the Scottrade Center.
Total Attendance: 17361 (98,86%)
Total Ticket Income: 1 520 528 $
Other Income: 745 059 $
Total Income: 2 265 587 $

% Time on Ice - Kings

Lines # - Real PCT - Wanted PCT - Time Play
Normal Forward
1 - 32% - 40% - 16:59
2 - 33% - 30% - 17:46
3 - 25% - 20% - 13:04
4 - 10% - 10% - 5:16
Normal Defense
1 - 36% - 40% - 19:15
2 - 33% - 30% - 17:25
3 - 27% - 20% - 14:21
4 - 4% - 10% - 2:04
PP Forward
1 - 48% - 60% - 1:44
2 - 52% - 40% - 1:51
PP Defense
1 - 68% - 60% - 2:27
2 - 32% - 40% - 1:08
PK Forward
1 - 83% - 60% - 2:45
2 - 18% - 40% - 0:35
PK Defense
1 - 36% - 60% - 1:12
2 - 64% - 40% - 2:08
PK3 Forward
1 - 0% - 60%
2 - 0% - 40%
PK3 Defense
1 - 0% - 60%
2 - 0% - 40%
44 Forward
1 - 0% - 60%
2 - 0% - 40%
44 Defense
1 - 0% - 60%
2 - 0% - 40%
Last Minute Offensive  - 0:00
Last Minute Defensive  - 0:00
Total
Forward - 60:00
Defense - 60:00

% Time on Ice - Blues

Lines # - Real PCT - Wanted PCT - Time Play
Normal Forward
1 - 36% - 38% - 19:05
2 - 34% - 37% - 18:09
3 - 21% - 18% - 11:14
4 - 9% - 7% - 4:37
Normal Defense
1 - 40% - 42% - 21:26
2 - 36% - 42% - 18:56
3 - 21% - 16% - 10:59
4 - 3% - 0% - 1:44
PP Forward
1 - 45% - 50% - 1:30
2 - 55% - 50% - 1:50
PP Defense
1 - 69% - 60% - 2:18
2 - 31% - 40% - 1:02
PK Forward
1 - 50% - 50% - 1:47
2 - 50% - 50% - 1:48
PK Defense
1 - 48% - 60% - 1:43
2 - 52% - 40% - 1:52
PK3 Forward
1 - 0% - 50%
2 - 0% - 50%
PK3 Defense
1 - 0% - 60%
2 - 0% - 40%
44 Forward
1 - 0% - 60%
2 - 0% - 40%
44 Defense
1 - 0% - 60%
2 - 0% - 40%
Last Minute Offensive  - 0:00
Last Minute Defensive  - 0:00
Total
Forward - 60:00
Defense - 60:00

Play-by-Play

1st period


0:01 of 1st period - Jack Eichel wins face-off versus Jonathan Toews in neutral zone.
0:04 of 1st period - Marco Scandella is hit by Jack Eichel and loses puck.
0:23 of 1st period - Shot by Jack Eichel.
0:23 of 1st period - Stopped by David Rittich without a rebound.
0:24 of 1st period - Sean Couturier wins face-off versus Mikael Backlund in Kings zone.
0:57 of 1st period - Andre Burakovsky is hit by Dougie Hamilton and loses puck.
1:09 of 1st period - Icing by Dougie Hamilton.
1:10 of 1st period - Sean Couturier wins face-off versus Nick Paul in Blues zone.
2:08 of 1st period - Shot by Jonathan Toews.
2:08 of 1st period - Shot Misses the Net.
2:47 of 1st period - Shot by Andre Burakovsky.
2:47 of 1st period - Shot Misses the Net.
2:55 of 1st period - Shot by Mikael Backlund.
2:55 of 1st period - Goal by Mikael Backlund - Kings : 1 - Blues : 0.
2:56 of 1st period - Sean Couturier wins face-off versus Lucas Wallmark in neutral zone.
3:35 of 1st period - Shot by Johnny Gaudreau.
3:35 of 1st period - Stopped by David Rittich with a rebound.
3:40 of 1st period - Sean Couturier is hit by Nicolas Hague and loses puck.
4:11 of 1st period - Shot by Mikael Backlund.
4:11 of 1st period - Shot Hit the Post.
4:27 of 1st period - Icing by Mikael Backlund.
4:28 of 1st period - Mikael Backlund wins face-off versus Michael Chaput in Kings zone.
4:54 of 1st period - Shot by Christian Dvorak.
4:54 of 1st period - Shot Blocked by John Moore.
4:57 of 1st period - Icing by John Moore.
4:58 of 1st period - Mikael Backlund wins face-off versus Sean Couturier in Kings zone.
5:10 of 1st period - Icing by Ryan Pulock.
5:11 of 1st period - Sean Couturier wins face-off versus Nick Paul in Blues zone.
5:43 of 1st period - Shot by Nick Paul.
5:43 of 1st period - Stopped by Brian Elliott with a rebound.
5:45 of 1st period - Shot by Corey Perry.
5:45 of 1st period - Stopped by Brian Elliott without a rebound.
5:46 of 1st period - Jonathan Toews wins face-off versus Josh Bailey in Blues zone.
5:51 of 1st period - Shot by Jordan Eberle.
5:51 of 1st period - Stopped by Brian Elliott without a rebound.
5:52 of 1st period - Jonathan Toews wins face-off versus Jack Eichel in Blues zone.
5:53 of 1st period - Shot by Jordan Eberle.
5:53 of 1st period - Stopped by Brian Elliott without a rebound.
5:54 of 1st period - Jack Eichel wins face-off versus Jonathan Toews in Blues zone.
6:51 of 1st period - Icing by Marc-Edouard Vlasic.
6:52 of 1st period - Nick Paul wins face-off versus Jordan Staal in Kings zone.
6:56 of 1st period - Zemgus Girgensons is hit by Dougie Hamilton and loses puck.
7:02 of 1st period - Corey Perry is hit by Ryan Pulock and loses puck.
7:42 of 1st period - Shot by Johnny Gaudreau.
7:42 of 1st period - Stopped by David Rittich without a rebound.
7:43 of 1st period - Mikael Backlund wins face-off versus Sean Couturier in Kings zone.
7:43 of 1st period - Mikael Backlund is hit by Connor Brown.
7:55 of 1st period - Shot by Jesper Fast.
7:55 of 1st period - Stopped by Brian Elliott without a rebound.
7:56 of 1st period - Jonathan Toews wins face-off versus Jack Eichel in Blues zone.
8:01 of 1st period - Shot by Rickard Rakell.
8:01 of 1st period - Stopped by Brian Elliott without a rebound.
8:02 of 1st period - Sean Couturier wins face-off versus Jonathan Toews in Blues zone.
8:13 of 1st period - Shot by Jonathan Toews.
8:13 of 1st period - Shot Hit the Post.
8:15 of 1st period - Shot by Rickard Rakell.
8:15 of 1st period - Goal by Rickard Rakell - Kings : 2 - Blues : 0.
8:16 of 1st period - Jack Eichel wins face-off versus Jesper Fast in neutral zone.
8:40 of 1st period - Shot by Jack Eichel.
8:40 of 1st period - Stopped by David Rittich with a rebound.
8:54 of 1st period - Shot by Jack Eichel.
8:54 of 1st period - Deflect By Mikko Rantanen.
8:54 of 1st period - Stopped by David Rittich without a rebound.
8:55 of 1st period - Jonathan Toews wins face-off versus Sean Couturier in Kings zone.
8:55 of 1st period - Jonathan Toews is hit by Sean Couturier.
9:02 of 1st period - Minor Penalty to Stephen Johns for Delaying the game.
9:03 of 1st period - Jack Eichel wins face-off versus Jonathan Toews in Kings zone.
9:06 of 1st period - Shot by Johnny Gaudreau.
9:06 of 1st period - Stopped by David Rittich with a rebound.
9:10 of 1st period - Shot by Dougie Hamilton.
9:10 of 1st period - Stopped by David Rittich without a rebound.
9:11 of 1st period - Mikko Rantanen wins face-off versus Jonathan Toews in Kings zone.
9:14 of 1st period - Shot by Sean Couturier.
9:14 of 1st period - Stopped by David Rittich without a rebound.
9:15 of 1st period - Jonathan Toews wins face-off versus Sean Couturier in Kings zone.
9:42 of 1st period - Shot by Connor Brown.
9:42 of 1st period - Goal by Connor Brown - Kings : 2 - Blues : 1.
9:43 of 1st period - Michael Chaput wins face-off versus Nick Paul in neutral zone.
10:16 of 1st period - Shot by Corey Perry.
10:16 of 1st period - Stopped by Brian Elliott with a rebound.
10:18 of 1st period - Shot by Stephen Johns.
10:18 of 1st period - Stopped by Brian Elliott without a rebound.
10:19 of 1st period - Jonathan Toews wins face-off versus Sean Couturier in Blues zone.
10:20 of 1st period - Shot by Rickard Rakell.
10:20 of 1st period - Stopped by Brian Elliott without a rebound.
10:21 of 1st period - Jonathan Toews wins face-off versus Sean Couturier in Blues zone.
10:22 of 1st period - Shot by Marc-Edouard Vlasic.
10:22 of 1st period - Stopped by Brian Elliott with a rebound.
10:48 of 1st period - Shot by Sean Couturier.
10:48 of 1st period - Stopped by David Rittich without a rebound.
10:49 of 1st period - Jack Eichel wins face-off versus Mikael Backlund in Kings zone.
10:52 of 1st period - Shot by Jack Eichel.
10:52 of 1st period - Stopped by David Rittich with a rebound.
11:17 of 1st period - Andre Burakovsky is hit by P.K. Subban and loses puck.
11:20 of 1st period - Shot by Jesper Fast.
11:20 of 1st period - Shot Blocked by P.K. Subban.
11:22 of 1st period - Shot by Mikael Backlund.
11:22 of 1st period - Shot Misses the Net.
11:24 of 1st period - Shot by Andre Burakovsky.
11:24 of 1st period - Deflect By Mikael Backlund.
11:24 of 1st period - Goal by Mikael Backlund - Kings : 3 - Blues : 1.
11:25 of 1st period - Jonathan Toews wins face-off versus Sean Couturier in neutral zone.
11:45 of 1st period - Shot by Rickard Rakell.
11:45 of 1st period - Stopped by Brian Elliott without a rebound.
11:46 of 1st period - Nick Paul wins face-off versus Jordan Staal in Blues zone.
11:47 of 1st period - Shot by Corey Perry.
11:47 of 1st period - Shot Misses the Net.
11:49 of 1st period - Shot by Nick Paul.
11:49 of 1st period - Shot Misses the Net.
12:05 of 1st period - Shot by Jordan Staal.
12:05 of 1st period - Stopped by David Rittich without a rebound.
12:06 of 1st period - Jonathan Toews wins face-off versus Jack Eichel in Kings zone.
12:28 of 1st period - Jack Eichel is hit by Marco Scandella and loses puck.
12:43 of 1st period - Shot by Mikko Rantanen.
12:43 of 1st period - Stopped by David Rittich without a rebound.
12:44 of 1st period - Sean Couturier wins face-off versus Mikael Backlund in Kings zone.
12:51 of 1st period - Shot by Dougie Hamilton.
12:51 of 1st period - Shot Misses the Net.
12:53 of 1st period - Shot by Connor Brown.
12:53 of 1st period - Stopped by David Rittich without a rebound.
12:54 of 1st period - Jordan Staal wins face-off versus Nick Paul in Kings zone.
12:59 of 1st period - Shot by Christian Dvorak.
12:59 of 1st period - Stopped by David Rittich with a rebound.
13:01 of 1st period - Shot by Ryan Pulock.
13:01 of 1st period - Stopped by David Rittich without a rebound.
13:02 of 1st period - Mikael Backlund wins face-off versus Sean Couturier in Kings zone.
13:04 of 1st period - Icing by Andre Burakovsky.
13:05 of 1st period - Sean Couturier wins face-off versus Mikael Backlund in Kings zone.
13:19 of 1st period - Jesper Fast is hit by Connor Brown and loses puck.
13:42 of 1st period - Seth Jones is hit by John Moore and loses puck.
13:48 of 1st period - Connor Brown is hit by John Moore and loses puck.
14:01 of 1st period - Shot by Mikko Rantanen.
14:01 of 1st period - Stopped by David Rittich without a rebound.
14:02 of 1st period - Jonathan Toews wins face-off versus Jack Eichel in Kings zone.
14:09 of 1st period - Shot by Dougie Hamilton.
14:09 of 1st period - Stopped by David Rittich without a rebound.
14:10 of 1st period - Jordan Staal wins face-off versus Jonathan Toews in Kings zone.
14:27 of 1st period - Shot by Jordan Eberle.
14:27 of 1st period - Stopped by Brian Elliott without a rebound.
14:28 of 1st period - Jack Eichel wins face-off versus Nick Paul in Blues zone.
14:39 of 1st period - Shot by Jack Eichel.
14:39 of 1st period - Shot Blocked by Nicolas Hague.
14:41 of 1st period - Shot by Jakob Chychrun.
14:41 of 1st period - Stopped by David Rittich without a rebound.
14:42 of 1st period - Jonathan Toews wins face-off versus Sean Couturier in Kings zone.
15:32 of 1st period - Sean Couturier is hit by Rickard Rakell and loses puck.
16:09 of 1st period - Shot by Jack Eichel.
16:09 of 1st period - Shot Misses the Net.
17:02 of 1st period - Shot by Jordan Staal.
17:02 of 1st period - Shot Misses the Net.
17:04 of 1st period - Shot by Martin Necas.
17:04 of 1st period - Stopped by David Rittich without a rebound.
17:05 of 1st period - Michael Chaput wins face-off versus Nick Paul in Kings zone.
17:30 of 1st period - Shot by Nick Paul.
17:30 of 1st period - Stopped by Brian Elliott without a rebound.
17:31 of 1st period - Sean Couturier wins face-off versus Lucas Wallmark in Blues zone.
17:56 of 1st period - Shot by Tyler Motte.
17:56 of 1st period - Shot Misses the Net.
17:58 of 1st period - Shot by Tyler Motte.
17:58 of 1st period - Stopped by Brian Elliott without a rebound.
17:59 of 1st period - Jack Eichel wins face-off versus Zemgus Girgensons in Blues zone.
18:20 of 1st period - Shot by Nick Paul.
18:20 of 1st period - Stopped by Brian Elliott without a rebound.
18:21 of 1st period - Mikael Backlund wins face-off versus Jordan Staal in Blues zone.
18:24 of 1st period - Shot by Jesper Fast.
18:24 of 1st period - Stopped by Brian Elliott with a rebound.
18:26 of 1st period - Shot by Jesper Fast.
18:26 of 1st period - Shot Misses the Net.
18:41 of 1st period - Shot by Andre Burakovsky.
18:41 of 1st period - Stopped by Brian Elliott with a rebound.
18:43 of 1st period - Shot by Anthony Bitetto.
18:43 of 1st period - Shot Blocked by Ryan Pulock.
18:45 of 1st period - Shot by Jesper Fast.
18:45 of 1st period - Stopped by Brian Elliott without a rebound.
18:46 of 1st period - Jack Eichel wins face-off versus Jonathan Toews in Blues zone.
18:46 of 1st period - Jack Eichel is hit by Rickard Rakell.
18:49 of 1st period - Icing by Mikko Rantanen.
18:50 of 1st period - Mikko Rantanen wins face-off versus Rickard Rakell in Blues zone.
18:50 of 1st period - Mikko Rantanen is hit by Jonathan Toews.
18:58 of 1st period - Shot by Josh Bailey.
18:58 of 1st period - Shot Blocked by Marc-Edouard Vlasic.
19:00 of 1st period - Shot by P.K. Subban.
19:00 of 1st period - Shot Blocked by Jordan Eberle.
19:02 of 1st period - Shot by P.K. Subban.
19:02 of 1st period - Shot Blocked by Marc-Edouard Vlasic.
Goals for this period are 3 for Kings vs 1 for Blues.
Shots for this period are 21 for Kings vs 20 for Blues.

2nd period


0:01 of 2nd period - Sean Couturier wins face-off versus Jonathan Toews in neutral zone.
0:18 of 2nd period - Shot by Sean Couturier.
0:18 of 2nd period - Shot Misses the Net.
0:28 of 2nd period - Icing by Dougie Hamilton.
0:29 of 2nd period - Sean Couturier wins face-off versus Jesper Fast in Blues zone.
0:36 of 2nd period - Shot by Andre Burakovsky.
0:36 of 2nd period - Stopped by Brian Elliott without a rebound.
0:37 of 2nd period - Mikko Rantanen wins face-off versus Nick Paul in Blues zone.
1:14 of 2nd period - Shot by Jack Eichel.
1:14 of 2nd period - Shot Misses the Net.
1:16 of 2nd period - Shot by Josh Bailey.
1:16 of 2nd period - Stopped by David Rittich without a rebound.
1:17 of 2nd period - Jonathan Toews wins face-off versus Martin Necas in Kings zone.
1:39 of 2nd period - Shot by Jonathan Toews.
1:39 of 2nd period - Stopped by Brian Elliott without a rebound.
1:40 of 2nd period - Mikael Backlund wins face-off versus Sean Couturier in Blues zone.
1:45 of 2nd period - Shot by Mikael Backlund.
1:45 of 2nd period - Stopped by Brian Elliott without a rebound.
1:46 of 2nd period - Sean Couturier wins face-off versus Jesper Fast in Blues zone.
2:06 of 2nd period - Shot by Mikael Backlund.
2:06 of 2nd period - Shot Misses the Net.
2:08 of 2nd period - Shot by Jesper Fast.
2:08 of 2nd period - Shot Misses the Net.
2:22 of 2nd period - Shot by Jesper Fast.
2:22 of 2nd period - Shot Blocked by P.K. Subban.
2:24 of 2nd period - Shot by Jesper Fast.
2:24 of 2nd period - Shot Blocked by Seth Jones.
2:31 of 2nd period - Icing by Seth Jones.
2:32 of 2nd period - Jonathan Toews wins face-off versus Sean Couturier in Blues zone.
2:33 of 2nd period - Shot by Rickard Rakell.
2:33 of 2nd period - Stopped by Brian Elliott without a rebound.
2:34 of 2nd period - Rickard Rakell wins face-off versus Jack Eichel in Blues zone.
2:34 of 2nd period - Marco Scandella is hit by Ryan Pulock.
2:38 of 2nd period - Shot by Jonathan Toews.
2:38 of 2nd period - Shot Misses the Net.
2:56 of 2nd period - Jordan Eberle is hit by Dougie Hamilton and loses puck.
3:31 of 2nd period - Shot by Nick Paul.
3:31 of 2nd period - Shot Misses the Net.
3:33 of 2nd period - Shot by Zemgus Girgensons.
3:33 of 2nd period - Shot Misses the Net.
3:48 of 2nd period - Zemgus Girgensons is hit by Ryan Pulock and loses puck.
3:56 of 2nd period - Nick Paul is hit by Ryan Pulock and loses puck.
4:23 of 2nd period - Shot by Jesper Fast.
4:23 of 2nd period - Deflect By Andre Burakovsky.
4:23 of 2nd period - Stopped by Brian Elliott with a rebound.
4:49 of 2nd period - Seth Jones is hit by Jonathan Toews.
5:05 of 2nd period - P.K. Subban is hit by Tyler Motte and loses puck.
6:20 of 2nd period - Icing by John Moore.
6:21 of 2nd period - Michael Chaput wins face-off versus Conor Sheary in Kings zone.
8:05 of 2nd period - Icing by Andre Burakovsky.
8:06 of 2nd period - Martin Necas wins face-off versus Andre Burakovsky in Kings zone.
8:13 of 2nd period - Shot by Christian Dvorak.
8:13 of 2nd period - Shot Misses the Net.
8:15 of 2nd period - Shot by P.K. Subban.
8:15 of 2nd period - Stopped by David Rittich without a rebound.
8:16 of 2nd period - Nick Paul wins face-off versus Michael Chaput in Kings zone.
8:16 of 2nd period - Nick Paul is hit by Miles Wood.
8:22 of 2nd period - Shot by Christian Dvorak.
8:22 of 2nd period - Shot Blocked by Anthony Bitetto.
8:39 of 2nd period - Shot by Christian Dvorak.
8:39 of 2nd period - Stopped by David Rittich without a rebound.
8:40 of 2nd period - Sean Couturier wins face-off versus Mikael Backlund in Kings zone.
8:53 of 2nd period - Shot by Andre Burakovsky.
8:53 of 2nd period - Shot Misses the Net.
8:55 of 2nd period - Shot by Marco Scandella.
8:55 of 2nd period - Stopped by Brian Elliott without a rebound.
8:56 of 2nd period - Lucas Wallmark wins face-off versus Jordan Staal in Blues zone.
9:08 of 2nd period - Icing by P.K. Subban.
9:09 of 2nd period - Jordan Staal wins face-off versus Mikael Backlund in Blues zone.
10:05 of 2nd period - Off-side.
10:06 of 2nd period - Sean Couturier wins face-off versus Nick Paul in neutral zone.
10:55 of 2nd period - Johnny Gaudreau is hit by Stephen Johns.
11:05 of 2nd period - Shot by Jonathan Toews.
11:05 of 2nd period - Shot Misses the Net.
11:07 of 2nd period - Shot by Rickard Rakell.
11:07 of 2nd period - Shot Misses the Net.
11:09 of 2nd period - Shot by Jordan Eberle.
11:09 of 2nd period - Shot Misses the Net.
12:01 of 2nd period - Shot by Jesper Fast.
12:01 of 2nd period - Shot Blocked by Henri Jokiharju.
12:07 of 2nd period - Shot by Mikael Backlund.
12:07 of 2nd period - Deflect By Andre Burakovsky.
12:07 of 2nd period - Shot Blocked by Henri Jokiharju.
12:09 of 2nd period - Shot by Jesper Fast.
12:09 of 2nd period - Shot Misses the Net.
12:13 of 2nd period - Shot by Jesper Fast.
12:13 of 2nd period - Stopped by Brian Elliott without a rebound.
12:14 of 2nd period - Lucas Wallmark wins face-off versus Michael Chaput in Blues zone.
12:17 of 2nd period - Shot by Jonathan Toews.
12:17 of 2nd period - Stopped by Brian Elliott without a rebound.
12:18 of 2nd period - Nick Paul wins face-off versus Michael Chaput in Blues zone.
12:27 of 2nd period - Shot by Nick Paul.
12:27 of 2nd period - Shot Misses the Net.
12:53 of 2nd period - Shot by Christian Dvorak.
12:53 of 2nd period - Stopped by David Rittich without a rebound.
12:54 of 2nd period - Jonathan Toews wins face-off versus Sean Couturier in Kings zone.
13:38 of 2nd period - Sean Couturier is hit by Marco Scandella and loses puck.
14:10 of 2nd period - Andre Burakovsky is hit by Jordan Staal and loses puck.
14:36 of 2nd period - Icing by John Moore.
14:37 of 2nd period - Jack Eichel wins face-off versus Mikael Backlund in Kings zone.
14:58 of 2nd period - Shot by Jack Eichel.
14:58 of 2nd period - Shot Blocked by Jesper Fast.
15:00 of 2nd period - Shot by Josh Bailey.
15:00 of 2nd period - Goal by Josh Bailey - Kings : 3 - Blues : 2.
15:01 of 2nd period - Nick Paul wins face-off versus Sean Couturier in neutral zone.
15:01 of 2nd period - Nick Paul is hit by Sean Couturier.
15:09 of 2nd period - Shot by Nick Paul.
15:09 of 2nd period - Stopped by Brian Elliott without a rebound.
15:10 of 2nd period - Sean Couturier wins face-off versus Lucas Wallmark in Blues zone.
15:16 of 2nd period - Icing by Marc-Edouard Vlasic.
15:17 of 2nd period - Sean Couturier wins face-off versus Lucas Wallmark in Kings zone.
15:26 of 2nd period - Shot by Connor Brown.
15:26 of 2nd period - Stopped by David Rittich without a rebound.
15:27 of 2nd period - Jack Eichel wins face-off versus Jonathan Toews in Kings zone.
15:27 of 2nd period - Minor Penalty to Nicolas Hague for Holding.
15:28 of 2nd period - Jonathan Toews wins face-off versus Jack Eichel in Kings zone.
15:42 of 2nd period - Icing by Dougie Hamilton.
15:43 of 2nd period - Jonathan Toews wins face-off versus Jack Eichel in Blues zone.
15:44 of 2nd period - Shot by Mikael Backlund.
15:44 of 2nd period - Deflect By Jonathan Toews.
15:44 of 2nd period - Stopped by Brian Elliott without a rebound.
15:45 of 2nd period - Jack Eichel wins face-off versus Jonathan Toews in Blues zone.
15:50 of 2nd period - Marco Scandella is hit by Christian Dvorak.
16:08 of 2nd period - Shot by Jack Eichel.
16:08 of 2nd period - Goal by Jack Eichel - Kings : 3 - Blues : 3.
16:09 of 2nd period - Nick Paul wins face-off versus Jack Eichel in neutral zone.
16:17 of 2nd period - Corey Perry is hit by P.K. Subban and loses puck.
16:38 of 2nd period - Shot by Zemgus Girgensons.
16:38 of 2nd period - Shot Hit the Post.
16:40 of 2nd period - Shot by Corey Perry.
16:40 of 2nd period - Shot Blocked by Seth Jones.
16:59 of 2nd period - Stephen Johns is hit by Mikko Rantanen.
17:14 of 2nd period - Shot by Jonathan Toews.
17:14 of 2nd period - Goal by Jonathan Toews - Kings : 4 - Blues : 3.
17:15 of 2nd period - Mikael Backlund wins face-off versus Johnny Gaudreau in neutral zone.
17:34 of 2nd period - Icing by Anthony Bitetto.
17:35 of 2nd period - Jordan Staal wins face-off versus Mikael Backlund in Kings zone.
17:44 of 2nd period - Minor Penalty to Jordan Staal for Hooking.
17:45 of 2nd period - Sean Couturier wins face-off versus Jonathan Toews in Blues zone.
17:56 of 2nd period - Shot by Jonathan Toews.
17:56 of 2nd period - Stopped by Brian Elliott without a rebound.
17:57 of 2nd period - Mikael Backlund wins face-off versus Sean Couturier in Blues zone.
18:07 of 2nd period - Shot by Andre Burakovsky.
18:07 of 2nd period - Shot Misses the Net.
18:09 of 2nd period - Shot by Jesper Fast.
18:09 of 2nd period - Stopped by Brian Elliott without a rebound.
18:10 of 2nd period - Jonathan Toews wins face-off versus Josh Bailey in Blues zone.
18:25 of 2nd period - Shot by Rickard Rakell.
18:25 of 2nd period - Stopped by Brian Elliott without a rebound.
18:26 of 2nd period - Mikael Backlund wins face-off versus Sean Couturier in Blues zone.
18:38 of 2nd period - Shot by Marco Scandella.
18:38 of 2nd period - Stopped by Brian Elliott with a rebound.
19:39 of 2nd period - Shot by Jordan Eberle.
19:39 of 2nd period - Shot Misses the Net.
19:41 of 2nd period - Shot by John Moore.
19:41 of 2nd period - Stopped by Brian Elliott with a rebound.
19:43 of 2nd period - Shot by Stephen Johns.
19:43 of 2nd period - Stopped by Brian Elliott without a rebound.
19:44 of 2nd period - Jordan Staal wins face-off versus Nick Paul in Blues zone.
19:44 of 2nd period - Jordan Staal is hit by Corey Perry.
19:51 of 2nd period - Dougie Hamilton is hit by Anthony Bitetto and loses puck.
Goals for this period are 1 for Kings vs 2 for Blues.
Shots for this period are 17 for Kings vs 7 for Blues.

3rd period


0:01 of 3rd period - Sean Couturier wins face-off versus Jonathan Toews in neutral zone.
0:14 of 3rd period - Shot by Jonathan Toews.
0:14 of 3rd period - Stopped by Brian Elliott with a rebound.
0:16 of 3rd period - Shot by Marco Scandella.
0:16 of 3rd period - Shot Misses the Net.
0:26 of 3rd period - Shot by Jonathan Toews.
0:26 of 3rd period - Shot Misses the Net.
0:32 of 3rd period - Shot by Rickard Rakell.
0:32 of 3rd period - Shot Misses the Net.
1:24 of 3rd period - Icing by Seth Jones.
1:25 of 3rd period - Nick Paul wins face-off versus Jack Eichel in Blues zone.
2:23 of 3rd period - Shot by Marc-Edouard Vlasic.
2:23 of 3rd period - Stopped by Brian Elliott with a rebound.
2:38 of 3rd period - Jakob Chychrun is hit by Marco Scandella and loses puck.
2:54 of 3rd period - Off-side.
2:55 of 3rd period - Mikael Backlund wins face-off versus Johnny Gaudreau in neutral zone.
4:12 of 3rd period - Icing by Jesper Fast.
4:13 of 3rd period - Mikael Backlund wins face-off versus Michael Chaput in Kings zone.
4:45 of 3rd period - Icing by John Moore.
4:46 of 3rd period - Mikael Backlund wins face-off versus Mikko Rantanen in Kings zone.
4:46 of 3rd period - Mikael Backlund is hit by Mikko Rantanen.
5:01 of 3rd period - Icing by P.K. Subban.
5:02 of 3rd period - Jonathan Toews wins face-off versus Jack Eichel in Blues zone.
5:09 of 3rd period - Shot by Jonathan Toews.
5:09 of 3rd period - Shot Misses the Net.
5:33 of 3rd period - Shot by Jordan Eberle.
5:33 of 3rd period - Shot Misses the Net.
5:41 of 3rd period - Shot by Jonathan Toews.
5:41 of 3rd period - Stopped by Brian Elliott with a rebound.
6:06 of 3rd period - Shot by Zemgus Girgensons.
6:06 of 3rd period - Shot Blocked by Seth Jones.
6:08 of 3rd period - Shot by Zemgus Girgensons.
6:08 of 3rd period - Stopped by Brian Elliott without a rebound.
6:09 of 3rd period - Sean Couturier wins face-off versus Lucas Wallmark in Blues zone.
6:21 of 3rd period - Shot by Lucas Wallmark.
6:21 of 3rd period - Shot Misses the Net.
7:44 of 3rd period - Icing by Corey Perry.
7:45 of 3rd period - Nick Paul wins face-off versus Michael Chaput in Kings zone.
8:08 of 3rd period - Icing by P.K. Subban.
8:09 of 3rd period - Jesper Fast wins face-off versus Michael Chaput in Blues zone.
8:16 of 3rd period - Shot by Andre Burakovsky.
8:16 of 3rd period - Stopped by Brian Elliott without a rebound.
8:17 of 3rd period - Sean Couturier wins face-off versus Jonathan Toews in Blues zone.
8:28 of 3rd period - Shot by Sean Couturier.
8:28 of 3rd period - Stopped by David Rittich without a rebound.
8:29 of 3rd period - Mikael Backlund wins face-off versus Jack Eichel in Kings zone.
9:22 of 3rd period - Icing by Nicolas Hague.
9:23 of 3rd period - Sean Couturier wins face-off versus Jonathan Toews in Kings zone.
9:51 of 3rd period - Shot by Connor Brown.
9:51 of 3rd period - Shot Blocked by Anthony Bitetto.
9:58 of 3rd period - Icing by Rickard Rakell.
9:59 of 3rd period - Jordan Staal wins face-off versus Jonathan Toews in Kings zone.
10:12 of 3rd period - Shot by Jordan Staal.
10:12 of 3rd period - Shot Misses the Net.
10:14 of 3rd period - Shot by Jordan Staal.
10:14 of 3rd period - Shot Misses the Net.
10:16 of 3rd period - Shot by Jordan Staal.
10:16 of 3rd period - Shot Misses the Net.
11:24 of 3rd period - Shot by Mikko Rantanen.
11:24 of 3rd period - Stopped by David Rittich with a rebound.
11:51 of 3rd period - Shot by Nick Paul.
11:51 of 3rd period - Shot Misses the Net.
12:00 of 3rd period - Off-side.
12:01 of 3rd period - Lucas Wallmark wins face-off versus Michael Chaput in neutral zone.
12:01 of 3rd period - Lucas Wallmark is hit by Christian Dvorak.
12:11 of 3rd period - Minor Penalty to Miles Wood for Holding.
12:12 of 3rd period - Jordan Staal wins face-off versus Jonathan Toews in Blues zone.
12:38 of 3rd period - Icing by Jonathan Toews.
12:39 of 3rd period - Jonathan Toews wins face-off versus Jordan Staal in Kings zone.
12:39 of 3rd period - Jonathan Toews is hit by Jordan Staal.
12:58 of 3rd period - Marc-Edouard Vlasic is hit by Josh Bailey and loses puck.
13:47 of 3rd period - Shot by Mikael Backlund.
13:47 of 3rd period - Goal by Mikael Backlund - Kings : 5 - Blues : 3.
13:48 of 3rd period - Nick Paul wins face-off versus Christian Dvorak in neutral zone.
14:06 of 3rd period - Icing by Dougie Hamilton.
14:07 of 3rd period - Jonathan Toews wins face-off versus Jordan Staal in Blues zone.
14:07 of 3rd period - Jonathan Toews is hit by MacKenzie Weegar.
14:09 of 3rd period - Shot by Tyler Motte.
14:09 of 3rd period - Deflect By Jonathan Toews.
14:09 of 3rd period - Stopped by Brian Elliott without a rebound.
14:10 of 3rd period - Mikael Backlund wins face-off versus Sean Couturier in Blues zone.
14:28 of 3rd period - Shot by Andre Burakovsky.
14:28 of 3rd period - Shot Misses the Net.
14:58 of 3rd period - Shot by Jordan Eberle.
14:58 of 3rd period - Shot Misses the Net.
15:00 of 3rd period - Shot by Jordan Eberle.
15:00 of 3rd period - Stopped by Brian Elliott without a rebound.
15:01 of 3rd period - Nick Paul wins face-off versus Jack Eichel in Blues zone.
15:25 of 3rd period - Icing by Mikko Rantanen.
15:26 of 3rd period - Jack Eichel wins face-off versus Jonathan Toews in Blues zone.
15:26 of 3rd period - Jack Eichel is hit by Jordan Eberle.
15:51 of 3rd period - Shot by Mikko Rantanen.
15:51 of 3rd period - Stopped by David Rittich without a rebound.
15:52 of 3rd period - Sean Couturier wins face-off versus Mikael Backlund in Kings zone.
15:55 of 3rd period - Shot by Johnny Gaudreau.
15:55 of 3rd period - Stopped by David Rittich without a rebound.
15:56 of 3rd period - Sean Couturier wins face-off versus Mikael Backlund in Kings zone.
16:01 of 3rd period - Shot by Sean Couturier.
16:01 of 3rd period - Shot Blocked by Marc-Edouard Vlasic.
16:03 of 3rd period - Shot by Seth Jones.
16:03 of 3rd period - Shot Misses the Net.
17:10 of 3rd period - Minor Penalty to Stephen Johns for Hooking.
17:11 of 3rd period - Jonathan Toews wins face-off versus Jack Eichel in Kings zone.
18:53 of 3rd period - Shot by Jack Eichel.
18:53 of 3rd period - Stopped by David Rittich without a rebound.
18:54 of 3rd period - Jonathan Toews wins face-off versus Sean Couturier in Kings zone.
19:05 of 3rd period - Rickard Rakell is hit by Mikko Rantanen and loses puck.
19:12 of 3rd period - Shot by Jack Eichel.
19:12 of 3rd period - Shot Misses the Net.
19:14 of 3rd period - Shot by Jakob Chychrun.
19:14 of 3rd period - Stopped by David Rittich with a rebound.
19:22 of 3rd period - Shot by Jack Eichel.
19:22 of 3rd period - Shot Blocked by Nicolas Hague.
19:22 of 3rd period - Nicolas Hague from Kings is injured at 19:22 of 3rd period (Sprained Right Finger).
19:23 of 3rd period - Jordan Staal wins face-off versus Jonathan Toews in Kings zone.
19:33 of 3rd period - Stephen Johns is hit by P.K. Subban and loses puck.
19:42 of 3rd period - Shot by Jordan Eberle.
19:42 of 3rd period - Goal by Jordan Eberle - Kings : 6 - Blues : 3.
19:43 of 3rd period - Nick Paul wins face-off versus Sean Couturier in neutral zone.
Goals for this period are 2 for Kings vs 0 for Blues.
Shots for this period are 9 for Kings vs 6 for Blues.